 Dungeon Crawl Stone Soup version 0.31.0 (webtiles) character file.

Game seed: 16535743161271648575

34849 PaiMei the Artisan of Death (level 13, 0/109 HPs)
             Began as a Demonspawn Necromancer on Jan 19, 2024.
             Was a Priest of Kikubaaqudgha.
             Slain by an eight-headed hydra (2 damage)
             ... on level 5 of the Lair of Beasts.
             The game lasted 00:37:28 (30079 turns).

PaiMei the Artisan of Death (DsNe)                 Turns: 30079, Time: 00:37:28

Health: 0/109      AC: 16    Str:  9    XL:     13   Next: 44%
Magic:  17/28      EV: 22    Int: 21    God:    Kikubaaqudgha [***...]
Gold:   1344       SH:  5    Dex: 13    Spells: 12/34 levels left

rFire   . . .        O - +3 halberd (freeze)
rCold   . . .        (shield currently unavailable)
rNeg    . . .        L - +0 steam dragon scales
rPois   .            M - +0 helmet
rElec   .            l - +1 cloak
rCorr   .            u - +0 pair of gloves
SInv    .            v - +0 pair of boots
Will    .....        c - amulet of reflection
Stlth   +++          e - +4 ring of protection
HPRegen 0.38/turn    n - +5 ring of evasion
MPRegen 0.21/turn

%: reflection
@: weak-willed, animating dead, very slightly contaminated
A: rugged brown scales 2, powered by death 3, powered by pain 1, augmentation 1,
demonic touch 2
a: Renounce Religion, Unearth Wretches


You were on level 5 of the Lair of Beasts.
You worshipped Kikubaaqudgha.
Kikubaaqudgha was most pleased with you.
You visited 3 branches of the dungeon, and saw 17 of its levels.
You also visited: Ossuary and Volcano.

You collected 1344 gold pieces.

Inventory:

Hand Weapons
 O - a +3 halberd of freezing (weapon)
 R - a +2 falchion of protection
Missiles
 t - 25 poisoned darts (quivered)
 K - 5 atropa-tipped darts
 N - 4 curare-tipped darts
Armour
 l - a +1 cloak (worn)
 s - a +0 buckler
 u - a +0 pair of gloves (worn)
 v - a +0 pair of boots (worn)
 L - +0 steam dragon scales (worn)
 M - a +0 helmet (worn)
Jewellery
 c - an amulet of reflection (around neck)
 e - a +4 ring of protection (left hand)
 n - a +5 ring of evasion (right hand)
 x - an amulet of regeneration
 B - a ring of positive energy
 T - an amulet of magic regeneration
Talismans
 y - a flux talisman
Wands
 j - a wand of charming (33)
 P - a wand of polymorph (9)
 V - a wand of light (7)
 Y - a wand of iceblast (7)
Scrolls
 a - 2 scrolls of blinking {unknown}
 d - 2 scrolls of vulnerability
 f - 8 scrolls of identify {unknown}
 h - 4 scrolls of revelation
 i - 4 scrolls of enchant armour
 m - 4 scrolls of poison {unknown}
 o - 4 scrolls of enchant weapon {unknown}
 p - 6 scrolls of teleportation {unknown}
 z - 2 scrolls of fog {unknown}
 E - 2 scrolls of silence {unknown}
 J - a scroll of acquirement {unknown}
 S - 3 scrolls of brand weapon {unknown}
 U - a scroll of butterflies {unknown}
 W - a scroll of immolation {unknown}
Potions
 b - 2 potions of magic
 g - 3 potions of might {unknown}
 k - 2 potions of haste {unknown}
 q - a potion of invisibility {unknown}
 r - a potion of lignification {unknown}
 w - 3 potions of mutation {unknown}
 A - 2 potions of cancellation
 C - 4 potions of brilliance {unknown}
 D - 2 potions of enlightenment {unknown}
 F - 3 potions of degeneration
 G - 2 potions of attraction {unknown}
 H - 6 potions of curing
 I - a potion of ambrosia {unknown}
 Q - 5 potions of heal wounds {unknown}
 X - a potion of berserk rage {unknown}


   Skills:
 + Level 10.7 Fighting
 + Level 11.0 Dodging
 - Level 5.2 Stealth
 + Level 11.0 Spellcasting
 + Level 13.5 Necromancy


You had 12 spell levels left.
You knew the following spells:

 Your Spells              Type           Power      Damage    Failure   Level
a - Necrotise             Necr           100%       1d9       1%          1
b - Vampiric Draining     Necr           62%        2d10      1%          3
c - Animate Dead          Necr           62%        N/A       1%          4
d - Curse of Agony        Necr           62%        N/A       1%          5
e - Borgnjor's Vile Clut  Necr/Erth      20%        N/A       10%         5
f - Anguish               Hex/Necr       20%        N/A       3%          4

Your spell library contained the following spells:

 Spells                   Type           Power      Damage    Failure   Level
 Cigotuvi's Dreadful Rot  Necr/Alch/Air  60%        N/A       1%          2
 Sublimation of Blood     Necr           62%        N/A       1%          2
 Fugue of the Fallen      Necr           62%        N/A       1%          3
 Martyr's Knell           Necr/Summ      40%        N/A       3%          4
 Death Channel            Necr           31%        N/A       3%          6
 Apportation              Tloc           22%        N/A       6%          1
 Slow                     Hex            44%        N/A       6%          1
 Blink                    Tloc           22%        N/A       9%          2
 Ensorcelled Hibernation  Hex/Ice        22%        N/A       9%          2
 Jinxbite                 Hex            22%        N/A       9%          2
 Lesser Beckoning         Tloc           22%        N/A       9%          2
 Momentum Strike          Conj/Tloc      22%        3d8       9%          2
 Call Canine Familiar     Summ           11%        N/A       17%         3
 Confusing Touch          Hex            11%        N/A       17%         3
 Gell's Gravitas          Tloc           11%        N/A       17%         3
 Inner Flame              Hex/Fire       11%        N/A       17%         3
 Sigil of Binding         Hex            11%        N/A       17%         3
 Teleport Other           Tloc           11%        N/A       17%         3
 Tukima's Dance           Hex            11%        N/A       17%         3
 Cause Fear               Hex            5%         N/A       50%         4
 Dimensional Bullseye     Hex/Tloc       5%         N/A       50%         4
 Flame Wave               Conj/Fire      11%        2d6       50%         4
 Ignite Poison            Fire/Alch      11%        N/A       50%         4
 Iskenderun's Mystic Bla  Conj/Tloc      11%        2d4       50%         4
 Sticky Flame             Fire/Alch      11%        2d5       50%         4
 Alistair's Intoxication  Alch           7%         N/A       85%         5
 Fireball                 Conj/Fire      5%         3d5       85%         5
 Freezing Cloud           Conj/Ice/Air   5%         6-21      85%         5
 Dragon's Call            Summ           5%         N/A       100%        9


Dungeon Overview and Level Annotations

Branches:
Dungeon (11/15)            Temple (1/1) D:7            Lair (5/5) D:10
  Swamp (0/4) Lair:2        Snake (0/4) Lair:3        Slime (0/5) Lair:5
Ossuary (visited)         Volcano (visited)
    Orc: D:9-12

Altars:
Ashenzari
Cheibriados
Dithmenos
Fedhas
Gozag
Hepliaklqana
Kikubaaqudgha
Makhleb
Nemelex Xobeh
Okawaru
Qazlal
Ru
Sif Muna
Trog
Uskayaw
Vehumet
Wu Jian
Yredelemnul
Jiyva

Shops:
D:8 =

Portals:
Abyss: Lair:5

Annotations:
D:5 Dowan, Duvessa, Menkaure
D:10 1 runed translucent door
Lair:5 Esekla's ghost, journeyman OpDe


Innate Abilities, Weirdness & Mutations

You are mostly covered in rugged brown scales. (AC +2, +5% HP)
You regenerate a lot of health from kills.
You sometimes gain a little power by taking damage.
Your magical and physical power is slightly enhanced at high health.
Your touch may inflict irresistible damage on your foes.


Message History

Confirm with . or Enter, or press ? or * to list all spells.
Casting: Anguish (dangerous; 3% risk of failure)
Press: ? - help, Dir - look around, f - activate The eight-headed hydra resists with some effort.
The deep troll shaman is haunted by guilt!
The death yak resists with almost no effort.
The eight-headed hydra bites you!
* * * LOW HITPOINT WARNING * * *
The eight-headed hydra bites you but does no damage.
The eight-headed hydra bites you.
* * * LOW HITPOINT WARNING * * *
The eight-headed hydra misses you. x2
The eight-headed hydra barely misses you.
You block the eight-headed hydra's attack.
The eight-headed hydra misses you.
The death yak gores you but does no damage.
Okay, then.
Unknown command.
Unknown command.
Unknown command.
Unknown command.
Unknown command.
Unknown command.
As you read the scroll labelled WEUZXAHADUK, it crumbles to dust.
A wave of despondency washes over your surroundings.
It was a scroll of vulnerability.
The eight-headed hydra barely misses you.
The eight-headed hydra misses you.
The eight-headed hydra bites you but does no damage. x2
The eight-headed hydra closely misses you.
The eight-headed hydra bites you.
* * * LOW HITPOINT WARNING * * *
The eight-headed hydra bites you but does no damage.
The eight-headed hydra barely misses you.
The death yak gores you but does no damage.
As you read the scroll labelled PILEYLLACVU, it crumbles to dust.
It is a scroll of enchant armour.
Your +0 cloak glows green for a moment.
The eight-headed hydra bites you.
You die...
Kikubaaqudgha rasps: "You have failed me!
Welcome... death!"

#....## ##.#
#....# #.#
#...## P.#
#...# #..##
##..# #...#
#...# ##
#..@# ...#...
#.YD# ...#..8
##.T##.....÷.
##..#§.....
##.#§Y..#
##...÷.#
#P.♣..##...
#..........
##..P######


You could see a death yak (weak-willed), an eight-headed hydra (weak-willed) and
a deep troll shaman (weak-willed, anguished).

Vanquished Creatures
  A hydra (Lair:4)
  2 catoblepae
  3 two-headed ogres
  Sonja (Lair:1)
  A goliath frog (Lair:2)
  A cyclops (D:11)
  Joseph (D:10)
  12 elephants
  4 black mambas
  Maggie (D:6)
  7 cane toads
  3 rime drakes
  An unseen horror zombie (D:8)
  4 komodo dragons
  A troll (D:9)
  A polar bear (Lair:5)
  A dream sheep (Lair:4)
  14 blink frogs
  4 wyverns
  3 shadows
  31 yaks
  4 vampire mosquitoes
  2 basilisks
  A naga (Lair:3)
  9 water moccasins
  4 orc warriors
  An ice beast (D:7)
  A black bear (D:6)
  3 wolves (Lair:1)
  3 centaurs
  3 kobold brigands
  9 bullfrogs
  10 scorpions
  4 wights
  A burial acolyte (D:8)
  12 killer bees
  3 howler monkeys
  4 centaur zombies (D:8)
  A human zombie (D:8)
  3 orc priests
  8 hounds
  2 jellies (Lair:5)
  A gnoll bouda (D:6)
  A sleepcap (D:4)
  Ijyb (D:5)
  5 hell rats (Lair:5)
  5 iguanas
  7 orc wizards
  2 killer bee zombies (D:8)
  9 mummies
  Robin (D:3)
  8 gnolls
  A howler monkey zombie (D:8)
  4 adders
  A howler monkey skeleton (D:8)
  A white imp (D:6)
  2 dart slugs
  A ribbon worm (D:2)
  15 orcs
  3 ball pythons
  3 bats
  13 endoplasms
  6 giant cockroaches
  15 goblins
  14 hobgoblins
  3 quokkas
  2 frilled lizards (D:1)
  A gnoll zombie (Ossuary)
  A goblin zombie (D:6)
  A hobgoblin zombie (Ossuary)
  19 kobolds
  5 kobold zombies
  2 orc zombies (Ossuary)
  8 rats
346 creatures vanquished.

Vanquished Creatures (collateral kills)
  A skyshark (Lair:4)
  3 elephants
  A black mamba (Lair:1)
  2 cane toads (Lair:2)
  A komodo dragon (Lair:2)
  2 rime drakes
  A polar bear (Lair:5)
  2 blink frogs (Lair:2)
  A yak (Lair:2)
  A basilisk (Lair:2)
  A naga (Lair:3)
  6 water moccasins
  A wolf (Lair:1)
  A bullfrog (Lair:1)
  A shadow imp (D:6)
  A goblin (D:3)
  A hobgoblin (D:3)
27 creatures vanquished.

Vanquished Creatures (others)
  A black mamba zombie (Lair:2)
  2 cane toad zombies
  A skyshark zombie (Lair:4)
  4 elephant zombies (Lair:5)
8 creatures vanquished.

Grand Total: 381 creatures vanquished

Notes
Turn   | Place    | Note
-------+----------+-------------------------------------------
     0 | D:1      | PaiMei the Demonspawn Necromancer began the quest for the
                  | Orb.
     0 | D:1      | Reached XP level 1. HP: 13/13 MP: 3/3
   307 | D:1      | Gained mutation: You sometimes gain a little power by
                  | taking damage. [demonic ancestry]
   307 | D:1      | Reached XP level 2. HP: 5/19 MP: 0/5
   807 | D:2      | Gained mutation: You are partially covered in rugged brown
                  | scales. (AC +1, +3% HP) [demonic ancestry]
   807 | D:2      | Reached XP level 3. HP: 19/24 MP: 2/6
   811 | D:2      | Learned a level 3 spell: Vampiric Draining
  1144 | D:2      | Found a sparkling altar of Nemelex Xobeh.
  1218 | D:2      | Found a faded altar of an unknown god.
  1219 | D:2      | Noticed a glass eye
  1222 | D:2      | Noticed a shining eye
  1226 | D:2      | Noticed a shining eye
  1226 | D:2      | Noticed a shining eye
  1848 | D:3      | Gained mutation: You are mostly covered in rugged brown
                  | scales. (AC +2, +5% HP) [demonic ancestry]
  1848 | D:3      | Reached XP level 4. HP: 22/31 MP: 0/7
  1997 | D:3      | Reached skill level 5 in Necromancy
  2453 | D:3      | Noticed Robin
  2460 | D:3      | Killed Robin
  2699 | D:3      | Reached XP level 5. HP: 36/36 MP: 7/9
  3074 | D:4      | Learned a level 4 spell: Animate Dead
  4220 | D:4      | Gained mutation: Your touch may inflict minor irresistible
                  | damage on your foes. [demonic ancestry]
  4220 | D:4      | Reached XP level 6. HP: 43/43 MP: 4/10
  4471 | D:4      | Found a burning altar of Makhleb.
  5087 | D:5      | Entered Level 5 of the Dungeon
  5216 | D:5      | Noticed Menkaure
  5451 | D:5      | Found a hide-covered altar of Uskayaw.
  5921 | D:5      | Noticed Ijyb
  5932 | D:5      | Killed Ijyb
  5933 | D:5      | Reached skill level 6 in Necromancy
  5933 | D:5      | Gained mutation: You regenerate a little health from kills.
                  | [demonic ancestry]
  5933 | D:5      | Reached XP level 7. HP: 48/48 MP: 2/12
  6106 | D:6      | Found a shadowy altar of Dithmenos.
  6254 | D:6      | Noticed Maggie
  6311 | D:6      | Found a sand-covered staircase.
  6348 | Ossuary  | Entered an ossuary
  7350 | D:6      | Noticed Dowan
  7352 | D:6      | Noticed Duvessa
  8166 | D:6      | Killed Maggie
  8167 | D:6      | Reached skill level 5 in Stealth
  8167 | D:6      | Reached skill level 7 in Necromancy
  8167 | D:6      | Reached XP level 8. HP: 46/54 MP: 0/15
  8318 | D:6      | Learned a level 5 spell: Curse of Agony
  8495 | D:6      | Found a sparkling altar of Nemelex Xobeh.
  8506 | D:6      | Reached skill level 1 in Fighting
  8506 | D:6      | Reached skill level 5 in Dodging
  8506 | D:6      | Reached skill level 5 in Spellcasting
  8998 | D:7      | Found a flagged portal.
 10121 | D:7      | Reached XP level 9. HP: 62/65 MP: 7/17
 10643 | D:7      | Reached skill level 8 in Necromancy
 11061 | D:7      | Found an ornate altar of the Wu Jian Council.
 12182 | D:7      | Found a staircase to the Ecumenical Temple.
 12190 | Temple   | Entered the Ecumenical Temple
 12945 | D:8      | Found Erhud's Jewellery Shoppe.
 13430 | D:8      | Reached skill level 9 in Necromancy
 13480 | D:8      | Found an ancient bone altar of Kikubaaqudgha.
 13524 | D:8      | Became a worshipper of Kikubaaqudgha
 13697 | D:9      | Reached skill level 5 in Fighting
 13697 | D:9      | Gained mutation: Your touch may inflict irresistible damage
                  | on your foes. [demonic ancestry]
 13697 | D:9      | Reached XP level 10. HP: 60/77 MP: 20/20
 15637 | D:9      | Noticed a two-headed ogre
 15650 | D:9      | Killed a two-headed ogre
 15796 | D:9      | Noticed a two-headed ogre
 15807 | D:9      | Killed a two-headed ogre
 15808 | D:9      | Reached skill level 10 in Necromancy
 16097 | D:10     | Entered Level 10 of the Dungeon
 16486 | D:10     | Reached * piety under Kikubaaqudgha
 16486 | D:10     | Received a gift from Kikubaaqudgha
 16680 | D:10     | Found a staircase to the Lair.
 16713 | D:10     | Noticed Joseph
 16728 | D:10     | Killed Joseph
 16876 | D:10     | Gained mutation: You regenerate health from kills. [demonic
                  | ancestry]
 16876 | D:10     | Reached XP level 11. HP: 72/87 MP: 0/23
 17072 | D:10     | Found a runed translucent door.
 17074 | D:10     | Found a runed translucent door.
 17494 | D:10     | Noticed a two-headed ogre
 17504 | D:10     | Killed a two-headed ogre
 18976 | Lair:1   | Entered Level 1 of the Lair of Beasts
 19310 | Lair:1   | Reached skill level 11 in Necromancy
 19669 | Lair:1   | Noticed Sonja
 19710 | Lair:1   | Killed Sonja
 20554 | Lair:2   | Reached ** piety under Kikubaaqudgha
 21197 | Lair:2   | Gained mutation: Your magical and physical power is
                  | slightly enhanced at high health. [demonic ancestry]
 21197 | Lair:2   | Reached XP level 12. HP: 57/98 MP: 8/25
 21207 | Lair:2   | HP: 4/98 [poisoned by a cane toad]
 21917 | Lair:2   | Reached skill level 12 in Necromancy
 22595 | Lair:2   | Found a staircase to the Swamp.
 23804 | Lair:3   | Reached skill level 10 in Spellcasting
 23816 | Lair:3   | Reached skill level 10 in Dodging
 23953 | Lair:3   | Found a dark tunnel.
 23962 | Volcano  | Entered a volcano
 24036 | Lair:3   | Noticed a catoblepas
 24053 | Lair:3   | Killed a catoblepas
 24539 | Lair:3   | Found a staircase to the Snake Pit.
 25281 | Lair:4   | Noticed a five-headed hydra
 25836 | Lair:4   | Reached *** piety under Kikubaaqudgha
 25836 | Lair:4   | Received a gift from Kikubaaqudgha
 26066 | Lair:4   | Reached skill level 10 in Fighting
 26084 | Lair:4   | Killed a five-headed hydra
 26316 | Lair:4   | Reached skill level 13 in Necromancy
 26316 | Lair:4   | Gained mutation: You regenerate a lot of health from kills.
                  | [demonic ancestry]
 26316 | Lair:4   | Reached XP level 13. HP: 108/108 MP: 16/27
 28170 | Lair:5   | Entered Level 5 of the Lair of Beasts
 28744 | Lair:5   | Found a staircase to the Slime Pits.
 28744 | Lair:5   | Found a viscous altar of Jiyva.
 29038 | Lair:5   | Learned a level 5 spell: Borgnjor's Vile Clutch
 29043 | Lair:5   | Learned a level 4 spell: Anguish
 29060 | Lair:5   | Found a one-way gate to the infinite horrors of the Abyss.
 29060 | Lair:5   | Noticed Esekla's ghost (journeyman OpDe)
 30077 | Lair:5   | HP: 2/109 [eight-headed hydra (4)]
 30079 | Lair:5   | Slain by an eight-headed hydra

Illustrated notes

Levels and vault maps discovered:
D:1:      minmay_arrival_plants_in_alcoves, layout_basic
D:2:      layout_basic, hellmonk_ecumenical_altar_watching_god, basic_altar
D:3:      cheibrodos_greedy_goblins, layout_basic, uniq_robin
D:4:      layout_cave_pods, mainiacjoe_overflow_alcove_1
D:5:      layout_gridville, xom_confusion_cloud, lemuel_doored_altar,
          serial_library_hellmonk_long_bookcase, uniq_menkaure, uniq_ijyb
D:6:      layout_layer_cave, amcnicky_altar_gilded,
          mainiacjoe_overflow_small_starburst, nicolae_ossuary_entry_giza,
          minmay_microvault, uniq_maggie, uniq_duvessa
D:7:      layout_cave_pools, lemuel_crystal_altar, minmay_temple_entry_statues,
          enter_bailey_4
D:8:      layout_rooms, lemuel_mausoleum_altar_kikubaaqudgha, serial_shops,
          shop, reono_crystal_passage
D:9:      layout_long_grid
D:10:     lemuel_insect_pit, layout_loops_ring, lair_entry_dummy,
          skrybe_limestone_x, uniq_joseph
D:11:     layout_loops_corners
Temple:   nicolae_temple_no_exploring_needed
Lair:1:   layout_regular_city, chequers_serial_rivers_micro_b,
          columned_hall_lemuel, uniq_sonja
Lair:2:   layout_regular_city, mainiacjoe_swamp_entry_lozenge_pond
Lair:3:   layout_layer_cave, guppyfry_snake_entry_garden, enter_volcano_1,
          chequers_serial_rivers_marsh
Lair:4:   layout_gridlike, st_stairs_9, grunt_megastairs_3
Lair:5:   grunt_lair_end_beastmaster, layout_loops_ring,
          nicolae_slime_entry_slimehenge, gammafunk_ghost_abyssal_escape,
          lemuel_old_faithful

Skill      XL: |  1  2  3  4  5  6  7  8  9 10 11 12 13 |
---------------+----------------------------------------+-----
Stealth        | 2 3 4 5 |  5.2
Dodging        | 2 3 4 5 6 8 9 10 11 | 11.0
Necromancy     | 5 6 7 9 10 11 13 | 13.5
Spellcasting   | 3 4 5 6 8 9 10 11 | 11.0
Fighting       | 2 5 6 8 10 | 10.7

Action                     |  1- 3 |  4- 6 |  7- 9 | 10-12 | 13-15 || total
---------------------------+-------+-------+-------+-------+-------++-------
  Melee: Dagger            |     6 |    50 |   222 |       |       ||   278
         Punch             |       |     2 |     1 |       |       ||     3
         Touch             |       |     1 |    35 |       |       ||    36
         Halberd           |       |       |    82 |   359 |    90 ||   531
   Cast: Necrotise         |    76 |    90 |    85 |   102 |    50 ||   403
         Vampiric Draining |       |    16 |    63 |   224 |    79 ||   382
         Curse of Agony    |       |       |       |    13 |     9 ||    22
         Animate Dead      |       |       |       |     6 |     4 ||    10
         Anguish           |       |       |       |       |     1 ||     1
    Use: Scroll            |       |       |       |     1 |     2 ||     3
         Potion            |       |       |       |     3 |       ||     3
   Stab: Sleeping          |       |       |     5 |       |       ||     5
         Distracted        |       |       |       |     1 |       ||     1
 Armour: Robe              |    10 |    38 |    51 |       |       ||    99
         Steam dragon scal |       |       |   143 |   317 |   170 ||   630
  Dodge: Dodged            |    12 |    65 |   429 |   656 |   318 ||  1480
  Block: Other             |       |     2 |   100 |   150 |    59 ||   311
         Reflection        |       |       |     3 |     1 |       ||     4
